 Dungeon Crawl Stone Soup version 0.28-a0-1312-g71652a0310 (webtiles) character file.

Game seed: 686544125838653773

51 blank1 the Covered (level 3, -2/24 HPs)
             Began as a Gargoyle Fighter on Dec 27, 2021.
             Slain by Terence (9 damage)
             ... on level 1 of the Dungeon.
             The game lasted 00:02:46 (1601 turns).

blank1 the Covered (Gargoyle Fighter)               Turns: 1601, Time: 00:02:46

Health: -2/24      AC: 18    Str: 21    XL:     3   Next: 83%
Magic:  3/3        EV:  6    Int:  8    God:
Gold:   57         SH:  4    Dex:  9    Spells: 2/2 levels left

rFire   . . .      SeeInvis .   a - +0 flail
rCold   . . .      Faith    .   c - +0 buckler
rNeg    + . .      Spirit   .   l - +0 plate armour
rPois   ∞          Reflect  .   (no helmet)
rElec   +          Harm     .   (no cloak)
rCorr   .          Rampage  .   (no gloves)
Will    .....                   (no boots)
Stlth   ..........              (no amulet)
HPRegen 0.08/turn               h - +4 ring of protection
MPRegen 0.08/turn               (no ring)

@: no status effects
A: sickness immunity, AC +3, negative energy resistance 1, electricity
resistance, torment resistance 1, petrification resistance
a: no special abilities


You were on level 1 of the Dungeon.
You visited 1 branch of the dungeon, and saw 2 of its levels.

You collected 57 gold pieces.

Inventory:

Hand Weapons
 a - a +0 flail (weapon)
Missiles
 k - 18 poisoned darts (quivered)
Armour
 c - a +0 buckler (worn)
 l - a +0 plate armour (worn)
Jewellery
 h - a +4 ring of protection (left hand)
Scrolls
 b - 3 scrolls of immolation {unknown}
 i - a scroll of noise {unknown}
 j - a scroll of identify {unknown}
Potions
 d - a potion of might
 e - a potion of berserk rage {unknown}
 f - a potion of curing {unknown}
 g - 2 potions of heal wounds {unknown}


   Skills:
 + Level 3.7 Fighting
 + Level 2.5 Maces & Flails
 + Level 3.7 Armour
 + Level 1.0 Dodging
 + Level 3.7 Shields


You had 2 spell levels left.
You didn't know any spells.
Your spell library was empty.

Dungeon Overview and Level Annotations

Branches:
Dungeon (2/15)

Altars:

Annotations:
D:1 Terence


Innate Abilities, Weirdness & Mutations

You are immune to sickness and miasma.
Your stone body is resilient. (AC +3)
You are immune to poison.
You resist negative energy. (rN+)
You are resistant to electric shocks. (rElec)
You are resistant to unholy torment.
You are immune to petrification.


Message History

The kobold shouts!
The goblin shouts!
The kobold throws a stone.
The stone closely misses you.
You hit the goblin.
The goblin is severely wounded.
The goblin completely misses you. The goblin hits you but does no damage.
You completely miss the goblin.
The goblin is severely wounded.
The goblin hits you with a +0 club.
You sock the goblin!
You kill the goblin!
Your Dodging skill increases to level 1!
Your plate armour prevents you from hitting Terence.
You block Terence's attack.
You hit Terence but do no damage. Terence barely misses you.
You barely miss Terence. Terence hits you but does no damage.
Terence hits you with a +0 flail!
You hit Terence but do no damage. Terence hits you with a +0 flail.
You hit Terence.
Terence is lightly wounded.
Terence barely misses you.
You hit Terence but do no damage.
Terence is lightly wounded.
Terence hits you with a +0 flail.
* * * LOW HITPOINT WARNING * * *
Terence hits you but does no damage.
You hit Terence.
Terence is moderately wounded.
Terence hits you but does no damage.
You barely miss Terence.
Terence is moderately wounded.
Terence closely misses you.
Terence shouts, "DIE!!!"
Terence completely misses you.
The kobold throws a stone.
The stone hits you but does no damage.
There is a stone staircase leading up here.
Terence hits you but does no damage.
You climb upwards.
There is a stone staircase leading down here.
Terence hits you with a +0 flail!
You die...

##########..##.#...#######.[...#.
............##..........##..#.##.
###########.#####.#####.....#.##.
#.##....### ####.##.###
#.........# #.##.#
####......######.##.#
##............##.#
#@....#########.#
#>@.............#
#################


You could see Terence.

Vanquished Creatures
  A worm (D:2)
  A dart slug (D:1)
  6 bats
  6 endoplasms
  A giant cockroach (D:1)
  3 goblins
  5 hobgoblins
  4 jackals (D:1)
  4 kobolds
  A quokka (D:1)
  4 ball pythons
  A frilled lizard (D:1)
  2 rats (D:1)
39 creatures vanquished.

Notes
Turn   | Place    | Note
-------+----------+-------------------------------------------
     0 | D:1      | blank1 the Gargoyle Fighter began the quest for the Orb.
     0 | D:1      | Reached XP level 1. HP: 14/14 MP: 1/1
   225 | D:1      | Reached XP level 2. HP: 19/19 MP: 2/2
   590 | D:1      | Reached XP level 3. HP: 22/23 MP: 3/3
  1561 | D:2      | Noticed Terence
  1572 | D:2      | Reached skill level 1 in Dodging
  1601 | D:1      | Slain by Terence

Illustrated notes

Levels and vault maps discovered:
D:1:      amcnicky_arrival_abandoned_market, layout_loops_ring,
          chequers_serial_rivers_micro_a
D:2:      layout_rooms, basic_altar, uniq_crazy_yiuf_cottage, uniq_terence

Skill      XL: |  1  2  3 |
---------------+----------+-----
Dodging        | 1 |  1.0
Fighting       | |  3.7
Maces & Flails | |  2.5
Armour         | |  3.7
Shields        | |  3.7

Action                   || total
-------------------------++-------
Melee: Flail             ||   173
Armor: Scale mail        ||    67
       Plate armour      ||    57
Dodge: Dodged            ||   111
Block: Buckler           ||    44

Table legend: (Time is in decaauts)
 A = Elapsed time spent in this place.
 B = Non-inter-level travel time spent in this place.
 C = Inter-level travel time spent in this place.
 D = Time resting spent in this place.
 E = Time spent auto-exploring this place.
 F = Levels seen in this place.
 G = Mean time per level.
                   A        B        C        D        E       F      G
               +--------+--------+--------+--------+--------+-----+--------+
         Total |   1651 |   1600 |     51 |      0 |   1189 |   2 |  825.5 |
       Dungeon |   1651 |   1600 |     51 |      0 |   1189 |   2 |  825.5 |
               +--------+--------+--------+--------+--------+-----+--------+

Top non-repeatable levels by time:
     D:1: 1190 daAuts
     D:2: 460 daAuts
